 Dungeon Crawl Stone Soup version 0.24.1-14-gf8d2b509d9 (webtiles) character file.

Game seed: 7815318208743438920, levelgen mode: deterministic

83 Descartes the Charmwright (level 4, -2/20 HPs)
             Began as a Felid Skald on June 2, 2020.
             Was a Follower of Elyvilon.
             Killed by divine providence
             ... invoked by an orc priest
              (14 damage)
             ... on level 3 of the Dungeon.
             The game lasted 00:06:22 (3411 turns).

Descartes the Charmwright (Felid Skald)             Turns: 3411, Time: 00:06:22

Health: -2/20      AC:  1    Str:  8    XL:     4   Next: 22%
Magic:  4/8        EV: 19    Int: 15    God:    Elyvilon [*.....]
Gold:   172        SH:  0    Dex: 15    Spells: 4/7 levels left
                                        Lives:  0   Deaths: 1

rFire    . . .     SeeInvis +     - Unarmed
rCold    . . .     Gourm    .   (shield unavailable)
rNeg     . . .     Faith    .   (armour unavailable)
rPois    .         Spirit   .   (helmet unavailable)
rElec    .         Reflect  .   (cloak unavailable)
rCorr    .         Harm     .   (gloves unavailable)
MR       .....                  (boots unavailable)
Stlth    +++.......             (no amulet)
HPRegen  0.06/turn              (no ring)
MPRegen  0.11/turn              (no ring)

@: shrouded (expiring), very slightly contaminated, quick
A: very small, no armour, no weapons or thrown items, stealth, claws 1, fangs 3,
see invisible, carnivore, speed 1, shaggy fur 1, slow metabolism 1, sharp paws
a: Lesser Healing, Divine Protection, Renounce Religion


You were on level 3 of the Dungeon.
You worshipped Elyvilon.
Elyvilon was aware of your devotion.
You were not hungry.

You visited 1 branch of the dungeon, and saw 3 of its levels.

You collected 172 gold pieces.

Inventory:

Missiles
 d - 46 stones
 h - 92 arrows
Scrolls
 c - a scroll of identify
 e - a scroll of random uselessness
 f - a scroll of teleportation {unknown}
 g - 2 scrolls of immolation {unknown}
 i - 2 scrolls of fog {unknown}
 l - a scroll of enchant weapon {unknown}
 m - 2 scrolls of remove curse {unknown}
 n - a scroll of enchant armour {unknown}
 p - a scroll of amnesia {unknown}
Potions
 a - 2 potions of lignification
 j - 2 potions of curing
 k - a potion of heal wounds
 o - a potion of agility {unknown}
Comestibles
 b - 4 rations


   Skills:
 + Level 2.6 Fighting
 + Level 3.9 Dodging
 * Level 3.5 Stealth
 * Level 3.2 Unarmed Combat
 + Level 2.4 Spellcasting
 - Level 4.0 Charms


You had 4 spell levels left.
You knew the following spells:

 Your Spells              Type           Power        Failure   Level  Hunger
a - Infusion              Chrm           ##..         4%          1    #......
b - Shroud of Golubria    Chrm/Tloc      #.....       14%         2    ###....

Your spell library contained the following spells:

 Spells                   Type           Power        Failure   Level  Hunger
 Song of Slaying          Chrm           ##......     6%          2    ###....
 Regeneration             Chrm/Necr      #.........   28%         3    ###....
 Spectral Weapon          Hex/Chrm       Unusable     N/A         3    N/A

Dungeon Overview and Level Annotations

Branches:
Dungeon (3/15)

Altars:
Elyvilon
Gozag
Makhleb
Okawaru
Sif Muna
Zin
The Shining One


Innate Abilities, Weirdness & Mutations

You cannot wear armour.
You are incapable of wielding weapons or throwing items.
Your paws allow you to move quietly. (Stealth)
You have sharp claws.
You have razor-sharp teeth.
You have supernaturally acute eyesight. (SInv)
You are carnivorous and can eat meat at any time.
You cover ground quickly.
You are covered in fur. (AC +1)
You have a slow metabolism.
Your sharp claws are effective at attacking unaware monsters.


Message History

You scratch the orc priest. You bite the orc priest.
The orc priest is moderately wounded.
The orc priest closely misses you.
You closely miss the orc priest.
The orc priest is moderately wounded.
The orc priest mumbles some strange prayers to Beogh against you.
Pain shoots through your body!
You scratch the orc priest.
The orc priest is heavily wounded.
The orc priest closely misses you.
You closely miss the orc priest.
The orc priest is heavily wounded.
Your shroud begins to fray at the edges.
The orc priest barely misses you.
You barely miss the orc priest.
The orc priest is heavily wounded.
The orc priest calls down the wrath of Beogh upon you.
Beogh smites you!
Ouch! That really hurt!
You die...

## #< #. #######. #.......
######### ###### #....##.
.....!..# #....#########.##.##.
........# #....o.......####.###
.$......# #...@#######.#....#
...S...o# ###<## ##.#.####
.†...o.o# ### #....# .########
#.)#.#
.######################..########
.....o...........o............>÷.
......................#.##.###.##
###############o.........#.# #.##
#............# #...


You could see an orc priest.

Vanquished Creatures
  A hound (D:2)
  5 adders
  2 oozes (D:3)
  A worm (D:2)
  2 dart slugs (D:1)
  2 leopard geckos
  2 orcs (D:3)
  A giant cockroach (D:2)
  9 goblins
  8 hobgoblins
  10 bats
  4 frilled lizards
  6 kobolds
  8 rats
61 creatures vanquished.

Notes
Turn   | Place    | Note
-------+----------+-------------------------------------------
     0 | D:1      | Descartes the Felid Skald began the quest for the Orb.
     0 | D:1      | Reached XP level 1. HP: 9/9 MP: 4/4
   351 | D:1      | Reached skill level 1 in Stealth
   356 | D:1      | Reached XP level 2. HP: 13/13 MP: 6/6
   894 | D:1      | Reached XP level 3. HP: 16/16 MP: 7/7
   898 | D:1      | Learned a level 2 spell: Shroud of Golubria
  1492 | D:2      | Reached skill level 4 in Charms
  1578 | D:2      | Found a white marble altar of Elyvilon.
  1591 | D:2      | Became a worshipper of Elyvilon the Healer
  1629 | D:2      | Found an iron altar of Okawaru.
  1677 | D:2      | Found a burning altar of Makhleb.
  1700 | D:2      | Reached XP level 4. HP: 18/20 MP: 8/8
  2410 | D:3      | Found a glowing golden altar of the Shining One.
  2432 | D:3      | Found an opulent altar of Gozag.
  2432 | D:3      | Found a glowing silver altar of Zin.
  2433 | D:3      | Found a shimmering blue altar of Sif Muna.
  2816 | D:3      | Reached * piety under Elyvilon
  2842 | D:3      | Reached XP level 5. HP: 22/23 MP: 3/9
  2997 | D:3      | Killed from afar by an orc priest
  2998 | D:3      | Reached XP level 4. HP: -3/20 MP: 7/8
  3411 | D:3      | Killed from afar by an orc priest

Levels and vault maps discovered:
D:1:      dpeg_arrival_chase, layout_basic, minmay_three_crescents
D:2:      layout_rooms, elyvilon_altar_1, okawaru_metal_pillars_1_2,
          first_ration, makhleb_heckhound_becter
D:3:      layout_basic, grunt_qazlal_clouds,
          chequers_temple_overflow_statue_of_worship

Skill      XL: |  1  2  3  4 |
---------------+-------------+-----
Stealth        | 1 2 3 |  3.5
Charms         | 4 |  4.0
Unarmed Combat | 3 |  3.2
Fighting       | |  2.6
Dodging        | |  3.9
Spellcasting   | |  2.4

Action                   |  1- 3 |  4- 6 || total
-------------------------+-------+-------++-------
Melee: Unarmed           |   130 |    60 ||   190
       Bite              |     9 |     7 ||    16
       Punch             |     1 |     1 ||     2
 Cast: Shroud of Golubri |     3 |     7 ||    10
       Infusion          |     2 |     4 ||     6
  Use: Scroll            |     3 |     1 ||     4
 Stab: Sleeping          |    12 |     2 ||    14
  Eat: Chunk             |     9 |     5 ||    14
Armor: Skin              |     4 |     4 ||     8
Dodge: Dodged            |   110 |    49 ||   159
